 Dungeon Crawl Stone Soup version 5.5-19-gbfab8aa (webtiles) character file.

86 stpyramids the Basher (level 13, -10/118 HPs) *CASUAL*
             Began as a Hill Orc Fighter on May 26, 2018.
             Was an Elder of the Shining One.
             Mangled by a skeletal warrior
             ... wielding a +0 quarterstaff
             ... led by a death knight
              (19 damage)
             ... on level 12 of the Dungeon.
             The game lasted 00:19:00 (13582 turns).

stpyramids the Basher (Hill Orc Fighter)           Turns: 13582, Time: 00:19:01

Health: -10/118    AC: 23 (34%)Str: 24  XL:     13   Next: 12%
Magic:  17/17      EV: 16    Int:  8    God:    the Shining One [4*[101]]
Gold:   98         SH:  7    Dex: 10    Spells: 16/16 levels left

rFire    . . .     SeeInvis .   a - +0 flail
rCold    . . .     Faith    .   j - +2 buckler
rNeg     + + .     Spirit   .   n - +2 chain mail {MR+}
rPois    +         Reflect  .   g - +2 hat
rElec    .                      B - +2 cloak {rPois}
rCorr    .                      (no gloves)
MR       +++..                  (no boots)
Stlth    ..........             F - amulet of regeneration
Regen    0.7/turn               J - ring "Wepnaboa" {MR++ EV+6}
MPRegen  0.5/turn               C - ring of poison resistance

@: glowing
A: shaggy fur, sturdy frame
a: Divine Shield, Cleansing Flame, Renounce Religion


You were on level 12 of the Dungeon.
You worshipped the Shining One.
The Shining One was greatly pleased with you.
You were not hungry.

You visited 2 branches of the dungeon, and saw 13 of its levels.
You visited the bazaar 1 time.

You collected 845 gold pieces.
You spent 747 gold pieces at shops.

Inventory:

Hand Weapons
 a - a +0 flail (weapon)
 D - a +0 great mace
 G - a +2 shortbow of flaming
Missiles
 e - 80 poisoned darts (quivered)
 o - 306 javelins
 t - 9 frenzy darts
 z - 181 tomahawks
Armour
 c - a +0 shield
 g - a +2 hat (worn)
 j - a +2 buckler (worn)
 n - a +2 chain mail of magic resistance (worn)
 v - the +1 robe "Joasiqom" {*Drain rN+++ Int+4 Dex+3}
   (You found it on level 6 of the Dungeon)

   It affects your intelligence (+4).
   It affects your dexterity (+3).
   It renders you almost immune to negative energy.
   It causes draining when unequipped.
 B - a +2 cloak of poison resistance (worn)
Jewellery
 r - a +5 ring of strength
 C - a ring of poison resistance (right hand)
 F - an amulet of regeneration (around neck)
 J - the ring "Wepnaboa" (left hand) {MR++ EV+6}
   (You bought it in a shop in a bazaar)

   [ring of evasion]

   It affects your evasion (+6).
   It affects your resistance to hostile enchantments.
Wands
 y - a wand of paralysis (8)
 I - a wand of digging (4)
Scrolls
 d - 3 scrolls of amnesia
 h - 3 scrolls of fog
 k - a scroll of fear
 p - 5 scrolls of immolation
 q - 5 scrolls of magic mapping
 u - 5 scrolls of teleportation
 w - 2 scrolls of enchant armour
 A - 2 scrolls of blinking
 E - a scroll of noise
 H - a scroll of vulnerability
Potions
 b - a potion of lignification
 l - a potion of cancellation
 m - 3 potions of mutation
 s - a potion of magic
 x - a potion of flight


   Skills:
 - Level 12.1 Fighting
 + Level 14.2 Maces & Staves
 - Level 10.4 Armour
 - Level 8.1 Shields
 - Level 11.2 Invocations


You had 16 spell levels left.
You didn't know any spells.

Dungeon Overview and Level Annotations

Branches:
Dungeon (12/15)            Bazaar (1/1)

Altars:
Cheibriados
Dithmenos
Elyvilon
Gozag
Jiyva
Kikubaaqudgha
Makhleb
Nemelex Xobeh
Okawaru
Qazlal
Ru
Sif Muna
Trog
Uskayaw
Vehumet
Wu Jian
Xom
Yredelemnul
Zin
The Shining One

Shops:
Bazaar (?=*(?[


Innate Abilities, Weirdness & Mutations

You are covered in thick fur. (AC +4)
Your movements are less encumbered by armour. (ER -6)


Message History

You hit the skeletal warrior but do no damage.
The skeletal warrior is heavily damaged.
The wyvern zombie barely misses you. You block the wyvern zombie's attack.
You block the skeletal warrior's attack.
You hit the skeletal warrior but do no damage.
The skeletal warrior is heavily damaged.
You block the wyvern zombie's attack.
The skeletal warrior hits you with a +0 quarterstaff (9)!
* * * LOW HITPOINT WARNING * * *
You hit the skeletal warrior (2).
The skeletal warrior is heavily damaged.
The wyvern zombie bites you (1).
* * * LOW HITPOINT WARNING * * *
You hit the skeletal warrior but do no damage.
The skeletal warrior is heavily damaged.
You feel yourself speed up. The wyvern zombie bites you (9)!
* * * LOW HITPOINT WARNING * * *
The skeletal warrior hits you with a +0 quarterstaff (19)!!
You die...

........#
....$..## ........
...... ....# $).#
#Fc# #zZ# #@.# #
#..# .# #..# ..#
#..####..####..###
..................
..................
.$.######..######
.. #..# #..#


You could see a skeletal warrior, a spiny frog, a centaur and a wyvern zombie.

Vanquished Creatures
  Erica (D:8)
  A death knight (D:12)
  A two-headed ogre (D:9)
  An unseen horror (D:10)
  An orc knight (D:10)
  An orc sorcerer (D:10)
  An ugly thing (D:11)
  2 centaur zombies
  2 spiny frogs
  A freezing wraith (D:12)
  5 trolls
  4 blink frogs (D:9)
  A shadow (D:10)
  A wraith (D:12)
  A vampire (D:12)
  3 angry ghosts
  A water moccasin (D:8)
  2 ice beasts
  3 black bears
  2 orc warriors
  2 wasps
  6 ogres
  6 centaurs
  A wyvern zombie (D:6)
  A water moccasin zombie (D:6)
  3 scorpions
  A wyvern skeleton (D:11)
  9 killer bees
  6 crimson imps
  2 howler monkeys
  5 wights (D:10)
  3 jellies
  5 hounds
  6 orc priests
  4 centaur skeletons
  8 orc wizards
  2 quasits (D:6)
  8 worker ants
  2 iguanas
  A hound zombie (D:5)
  8 adders
  4 gnolls (D:2)
  A shadow imp (D:5)
  An ooze (D:6)
  An adder skeleton (D:4)
  2 dart slugs
  19 orcs
  6 quokkas
  5 bats
  6 giant cockroaches
  15 goblins
  9 hobgoblins
  4 jackals (D:4)
  2 ball pythons
  5 frilled lizards
  8 kobolds
  4 rats
216 creatures vanquished.

Vanquished Creatures (others)
  A fungus (D:11)
1 creature vanquished.

Grand Total: 217 creatures vanquished

Notes
Turn   | Place    | Note
-------+----------+-------------------------------------------
     0 | D:1      | stpyramids the Hill Orc Fighter began the quest for the Orb.
     0 | D:1      | Reached XP level 1. HP: 19/19 MP: 2/2
   116 | D:1      | Reached XP level 2. HP: 23/26 MP: 3/3
   130 | D:1      | Reached skill level 3 in Maces & Staves
   248 | D:1      | Reached XP level 3. HP: 27/31 MP: 4/4
   346 | D:1      | Reached skill level 4 in Maces & Staves
   692 | D:1      | Reached XP level 4. HP: 39/39 MP: 6/6
   909 | D:2      | Reached skill level 5 in Maces & Staves
   933 | D:2      | Reached XP level 5. HP: 18/45 MP: 7/7
   953 | D:2      | Reached skill level 6 in Maces & Staves
  1538 | D:2      | Found an opulent altar of Gozag.
  1585 | D:2      | Found a snail-covered altar of Cheibriados.
  1871 | D:3      | Reached XP level 6. HP: 51/51 MP: 8/8
  1897 | D:3      | Reached skill level 7 in Maces & Staves
  2167 | D:3      | Found a stormy altar of Qazlal.
  2419 | D:3      | Reached XP level 7. HP: 57/57 MP: 10/10
  2435 | D:3      | Reached skill level 8 in Maces & Staves
  2939 | D:3      | Found a basalt altar of Yredelemnul.
  2940 | D:3      | Found a hide-covered altar of Uskayaw.
  3018 | D:3      | Reached skill level 5 in Fighting
  3157 | D:3      | Reached XP level 8. HP: 32/73 MP: 11/11
  3752 | D:4      | Reached skill level 5 in Armour
  3793 | D:4      | Found a glowing golden altar of the Shining One.
  3801 | D:4      | Became a worshipper of the Shining One
  4052 | D:4      | Found a sparkling altar of Nemelex Xobeh.
  4053 | D:4      | Found a sacrificial altar of Ru.
  4057 | D:4      | Found a radiant altar of Vehumet.
  4060 | D:4      | Found an iron altar of Okawaru.
  4063 | D:4      | Found a shadowy altar of Dithmenos.
  4063 | D:4      | Found a white marble altar of Elyvilon.
  4064 | D:4      | Found a glowing silver altar of Zin.
  4064 | D:4      | Found a deep blue altar of Sif Muna.
  4169 | D:4      | Found a burning altar of Makhleb.
  4592 | D:5      | Entered Level 5 of the Dungeon
  4592 | D:5      | Found an ornate altar of the Wu Jian Council.
  4635 | D:5      | Reached XP level 9. HP: 78/81 MP: 12/12
  4800 | D:5      | Found an ancient bone altar of Kikubaaqudgha.
  4872 | D:5      | Found a bloodstained altar of Trog.
  5259 | D:5      | Reached skill level 10 in Armour
  5651 | D:6      | Reached * piety under the Shining One
  5713 | D:6      | Found a shimmering altar of Xom.
  5840 | D:6      | Got the +1 robe "Joasiqom" {*Drain rN+++ Int+4 Dex+3}
  6201 | D:6      | Reached skill level 5 in Invocations
  6418 | D:7      | Reached XP level 10. HP: 68/88 MP: 13/13
  7279 | D:7      | Reached ** piety under the Shining One
  7293 | D:7      | Reached skill level 9 in Maces & Staves
  7411 | D:7      | Found a viscous altar of Jiyva.
  7757 | D:7      | Gained mutation: You are covered in thick fur. (AC +4) [mutagenic hatch]
  7906 | D:8      | Reached skill level 10 in Fighting
  8384 | D:8      | Reached skill level 10 in Maces & Staves
  8387 | D:8      | Noticed Erica
  8410 | D:8      | Killed Erica
  8410 | D:8      | Reached XP level 11. HP: 20/102 MP: 15/15
  9154 | D:8      | Gained mutation: Your movements are less encumbered by armour. (ER -6) [mutagenic hatch]
  9255 | D:9      | Paralysed by a wasp for 1 turns
  9318 | D:9      | Reached skill level 5 in Shields
  9634 | D:9      | Noticed a two-headed ogre
  9646 | D:9      | Killed a two-headed ogre
 10591 | D:10     | Entered Level 10 of the Dungeon
 10614 | D:10     | Noticed an orc knight
 10655 | D:10     | Reached XP level 12. HP: 89/110 MP: 16/16
 10769 | D:10     | Reached skill level 10 in Invocations
 10951 | D:10     | Reached *** piety under the Shining One
 11064 | D:10     | Noticed a sun demon
 11077 | D:10     | Reached skill level 11 in Maces & Staves
 12346 | D:11     | Reached skill level 12 in Maces & Staves
 12857 | D:11     | Reached skill level 13 in Maces & Staves
 13272 | D:11     | Found a gateway to a bazaar.
 13284 | Bazaar   | Entered a bazaar
 13288 | Bazaar   | Found Joamaq's Antique Weapon Shoppe.
 13288 | Bazaar   | Found Founithu's Jewellery Boutique.
 13289 | Bazaar   | Found Textiski's Magic Scroll Shoppe.
 13307 | Bazaar   | Found Iromusho's Antique Armour Emporium.
 13324 | Bazaar   | Found Yliuzxic's General Store.
 13341 | Bazaar   | Found Axuplime's Magic Scroll Emporium.
 13341 | Bazaar   | Found Punweobb's Antique Weapon Shoppe.
 13363 | Bazaar   | Bought the ring "Wepnaboa" {MR++ EV+6} for 747 gold pieces
 13526 | D:12     | Noticed a death knight
 13531 | D:12     | Reached **** piety under the Shining One
 13549 | D:12     | Killed a death knight
 13549 | D:12     | Reached skill level 14 in Maces & Staves
 13549 | D:12     | Reached XP level 13. HP: 59/118 MP: 17/17
 13582 | D:12     | Mangled by a skeletal warrior

Skill      XL: |  1  2  3  4  5  6  7  8  9 10 11 12 |
---------------+-------------------------------------+-----
Maces & Staves | 3 4 5 6 7 8 10 14 | 14.2
Fighting       | 7 8 11 12 | 12.1
Armour         | 7 10 | 10.4
Invocations    | 6 9 11 | 11.2
Shields        | 8 |  8.1

Action                   |  1- 3 |  4- 6 |  7- 9 | 10-12 | 13-15 || total
-------------------------+-------+-------+-------+-------+-------++-------
Melee: Flail             |    86 |   160 |   342 |   510 |    30 ||  1128
Throw: Poisoned dart     |     9 |    37 |    71 |    87 |       ||   204
       Tomahawk          |       |       |     4 |     3 |       ||     7
Invok: Cleansing Flame   |       |       |       |       |     1 ||     1
  Use: Potion            |       |     1 |       |     3 |     1 ||     5
       Scroll            |       |       |     1 |     3 |       ||     4
Armor: Scale mail        |    54 |    47 |   126 |       |       ||   227
       Plate armour      |       |       |    52 |   192 |       ||   244
       Skin              |       |       |       |     6 |       ||     6
       Chain mail        |       |       |       |    67 |    19 ||    86
Dodge: Dodged            |    28 |    65 |   113 |   192 |    25 ||   423
Block: Shield            |    49 |    41 |       |       |       ||    90
       Buckler           |       |    20 |    87 |   140 |    23 ||   270
